 Dungeon Sprint DCSS version 0.31-a0-7-g51783674b7 (webtiles) character file.

Game seed: 18204541063447039453

133 rocky1 the Digger (level 4, -2/24 HPs)
             Began as a Deep Elf Earth Elementalist on May 5, 2023.
             Was a Priest of Sif Muna.
             Slain by an orc priest
             ... wielding a +1 flail of protection
              (10 damage)
             ... in the Dungeon (Sprint VII: "The Pits").
             The game lasted 00:01:22 (294 turns).

rocky1 the Digger (Deep Elf Earth Elementalist)      Turns: 294, Time: 00:01:23

Health: -2/24      AC:  2    Str:  5    XL:     4   Next: 94%
Magic:  2/13       EV: 12    Int: 22    God:    Sif Muna [***...]
Gold:   0          SH:  0    Dex: 15    Spells: 12/13 levels left

rFire   . . .        (no weapon)
rCold   . . .        (no shield)
rNeg    . . .        a - +0 robe
rPois   .            (no helmet)
rElec   .            (no cloak)
rCorr   .            (no gloves)
SInv    .            (no boots)
Will    .....        (no amulet)
Stlth   ++           (no ring)
HPRegen 0.24/turn    (no ring)
MPRegen 0.13/turn

%: no teleportation
@: no status effects
A: no striking features
a: Renounce Religion, Channel Magic, Forget Spell


You were in the Dungeon.
You worshipped Sif Muna.
Sif Muna was most pleased with you.
You visited 1 branch

Inventory:

Armour
 a - a +0 robe (worn)
Scrolls
 g - a scroll of blinking
 i - 5 scrolls of amnesia
 j - a scroll of butterflies
Potions
 b - 5 potions of magic
 e - a potion of haste
 f - 3 potions of berserk rage
 h - a potion of invisibility


   Skills:
 - Level 2.4 Dodging
 - Level 2.4 Stealth
 + Level 5.3 Spellcasting
 * Level 5.1 Conjurations
 - Level 1.1 Transmutations
 + Level 3.5 Fire Magic
 + Level 3.1 Air Magic
 * Level 6.3 Earth Magic
 + Level 3.4 Invocations


You had 12 spell levels left.
You knew the following spells:

 Your Spells              Type           Power      Damage    Failure   Level
a - Sandblast             Erth           66%        2d15      1%          1

Your spell library contained the following spells:

 Spells                   Type           Power      Damage    Failure   Level
 Stone Arrow              Conj/Erth      62%        3d10      2%          3
 Passwall                 Tmut/Erth      18%        N/A       3%          2
 Petrify                  Tmut/Erth      22%        N/A       22%         4


Dungeon Overview and Level Annotations

Branches:
Dungeon (1/1)

Altars:
Ashenzari
Cheibriados
Dithmenos
Elyvilon
Fedhas
Gozag
Hepliaklqana
Kikubaaqudgha
Makhleb
Nemelex Xobeh
Okawaru
Qazlal
Ru
Sif Muna
Trog
Uskayaw
Vehumet
Wu Jian
Xom
Yredelemnul
Zin
The Shining One
Jiyva
Lugonu


Message History

Sif Muna accepts your kill.
You can now freely open your mind to new spells.
Reactivating autopickup.
You feel a bit more experienced. The kobold barely misses you.
Your Conjurations skill increases to level 5!
Your Air Magic skill increases to level 3!
Unknown command.
Aiming: Sandblast (safe; 1% risk of failure)
Press: ? - help, Q - select action, (/) - cycle Shift-Dir - straight line The blast of sand hits the kobold!
You kill the kobold!
Sif Muna accepts your kill.
An orc priest comes into view.
It is wielding a +1 flail of protection.
Aiming: Sandblast (safe; 1% risk of failure)
Press: ? - help, Q - select action, (/) - cycle Shift-Dir - straight line The blast of sand hits the orc priest!
The orc priest is severely wounded.
The orc priest hits you with a +1 flail of protection.
* * * LOW HITPOINT WARNING * * *
Aiming: Sandblast (safe; 1% risk of failure)
Press: ? - help, Q - select action, (/) - cycle Shift-Dir - straight line The blast of sand misses the orc priest.
The orc priest completely misses you.
The orc priest hits you but does no damage.
Unknown command.
Aiming: Sandblast (safe; 1% risk of failure)
Press: ? - help, Q - select action, (/) - cycle Shift-Dir - straight line, f - orc priest
Aim: an orc priest, wielding a +1 flail of protection and wearing a +0 ring mail (severely wounded, 86% to hit)
The blast of sand misses the orc priest.
The orc priest barely misses you.
Aiming: Sandblast (safe; 1% risk of failure)
Press: ? - help, Q - select action, (/) - cycle Shift-Dir - straight line, f/p - orc priest
Aim: an orc priest, wielding a +1 flail of protection and wearing a +0 ring mail (heavily wounded, 86% to hit)
The blast of sand hits the orc priest but does no damage.
The orc priest is heavily wounded.
The orc priest invokes the aid of Beogh against you.
Pain shoots through your body!
The orc priest hits you with a +1 flail of protection!
You die...

#.?(.')))'.##......#.
##########.##........
#...........'........
#+#####'#####......#.
#..#.)# #........
#..'..# ####'####
#..#### #.......#
#..# #.......# #.@#
#.......# ##o#
#...<...#
#..).o...##.......#
#.....K..##.......#
###########.......#
#########


You could see an orc priest.

Vanquished Creatures
  A scorpion (D)
  2 orc wizards (D)
  An adder (D)
  An ufetubus (D)
  An orc (D)
  A bat skeleton (D)
  An endoplasm (D)
  A goblin (D)
  2 kobolds (D)
  A ball python (D)
12 creatures vanquished.

Notes
Turn   | Place    | Note
-------+----------+-------------------------------------------
     0 | D        | rocky1 the Deep Elf Earth Elementalist began the quest for
                  | the Orb.
     0 | D        | Reached XP level 1. HP: 10/10 MP: 6/6
    40 | D        | Found a bloodstained altar of Trog.
    40 | D        | Found a shimmering blue altar of Sif Muna.
    40 | D        | Found a viscous altar of Jiyva.
    40 | D        | Found a hazy altar of Hepliaklqana.
    40 | D        | Found an opulent altar of Gozag.
    41 | D        | Found a glowing golden altar of the Shining One.
    41 | D        | Found a glowing silver altar of Zin.
    41 | D        | Found a basalt altar of Yredelemnul.
    41 | D        | Found a shimmering altar of Xom.
    41 | D        | Found an ornate altar of the Wu Jian Council.
    41 | D        | Found a sacrificial altar of Ru.
    41 | D        | Found a stormy altar of Qazlal.
    41 | D        | Found an iron altar of Okawaru.
    41 | D        | Found a sparkling altar of Nemelex Xobeh.
    41 | D        | Found a burning altar of Makhleb.
    41 | D        | Found a blossoming altar of Fedhas.
    41 | D        | Found a white marble altar of Elyvilon.
    41 | D        | Found a shadowy altar of Dithmenos.
    41 | D        | Found a snail-covered altar of Cheibriados.
    43 | D        | Found a radiant altar of Vehumet.
    43 | D        | Found a corrupted altar of Lugonu.
    44 | D        | Found a hide-covered altar of Uskayaw.
    44 | D        | Found an ancient bone altar of Kikubaaqudgha.
    44 | D        | Found a broken altar of Ashenzari.
    46 | D        | Became a worshipper of Sif Muna the Loreminder
    57 | D        | Reached skill level 1 in Conjurations
    78 | D        | Noticed a scorpion
    79 | D        | Reached * piety under Sif Muna
    80 | D        | Reached skill level 1 in Fire Magic
    80 | D        | Reached skill level 1 in Air Magic
    80 | D        | Reached skill level 4 in Earth Magic
    80 | D        | Reached skill level 1 in Invocations
    80 | D        | Reached XP level 2. HP: 6/15 MP: 5/8
    87 | D        | Killed a scorpion
    88 | D        | Reached skill level 5 in Earth Magic
    88 | D        | Reached XP level 3. HP: 10/19 MP: 1/11
    88 | D        | Reached XP level 4. HP: 13/24 MP: 1/12
   282 | D        | Reached ** piety under Sif Muna
   288 | D        | Reached skill level 5 in Spellcasting
   289 | D        | Reached skill level 6 in Earth Magic
   289 | D        | Reached *** piety under Sif Muna
   290 | D        | Reached skill level 5 in Conjurations
   294 | D        | Slain by an orc priest

Illustrated notes

Levels and vault maps discovered:
D:        pitsprint [storerooms_1, entrance_room_1, metal_vault_3, armoury_2,
          mini_pit_1, grid_room_1, main_hall_1, silver_pit, the_coven_1,
          the_vestibule_1, steel_vault_3, golden_pit, hallway_of_sentries,
          crystal_vault_1, iron_vault_1, final_vault]

Skill      XL: |  1  2  3  4 |
---------------+-------------+-----
Conjurations   | 2 4 5 |  5.1
Fire Magic     | 1 2 3 |  3.5
Air Magic      | 1 2 3 |  3.1
Earth Magic    | 4 5 6 |  6.3
Invocations    | 1 2 3 |  3.4
Spellcasting   | 4 5 |  5.3
Dodging        | |  2.4
Stealth        | |  2.4
Transmutations | |  1.1

Action                     |  1- 3 |  4- 6 || total
---------------------------+-------+-------++-------
   Cast: Sandblast         |     9 |    13 ||    22
    Use: Potion            |     3 |       ||     3
 Armour: Robe              |       |     5 ||     5
  Dodge: Dodged            |     5 |     8 ||    13

Table legend: (Time is in decaauts)
 A = Elapsed time spent in this place.
 B = Non-inter-level travel time spent in this place.
 C = Inter-level travel time spent in this place.
 D = Time resting spent in this place.
 E = Time spent auto-exploring this place.
 F = Levels seen in this place.
 G = Mean time per level.
                   A        B        C        D        E       F      G
               +--------+--------+--------+--------+--------+-----+--------+
         Total |    304 |    304 |      0 |    203 |      0 |   1 |  304.0 |
       Dungeon |    304 |    304 |      0 |    203 |      0 |   1 |  304.0 |
               +--------+--------+--------+--------+--------+-----+--------+

Top non-repeatable levels by time:
       D: 304 daAuts
